 Dungeon Crawl Stone Soup version 0.19-b1-3-g7dea586 (webtiles) character file.

48252 syranez the Severer (level 14, -17/88 HPs)
             Began as a Tengu Berserker on Oct 29, 2016.
             Was a High Priest of Trog.
             Demolished by a hill giant
             ... wielding a +0 giant club
              (36 damage)
             ... on level 12 of the Dungeon.
             The game lasted 00:57:48 (22693 turns).

syranez the Severer (Tengu Berserker)              Turns: 22693, Time: 00:57:48

Health: -17/88     AC: 15    Str: 21    XL:     14   Next: 45%
Magic:  15/15      EV: 14    Int: 10    God:    Trog [*****.]
Gold:   1342       SH:  0    Dex: 13    Spells: 0 memorised, 13 levels left

rFire  + . .     SeeInvis +     r - +10 battleaxe (flame)
rCold  . . .     Gourm    .     K - +0 plate armour of Zawowih {Str+3} (curse)
rNeg   . . .     Faith    .     (shield currently unavailable)
rPois  .         Spirit   .     N - +1 hat
rElec  .         Reflect  .     (no cloak)
rCorr  .         Harm     .     J - +0 pair of gloves
MR     +....     Clarity  +     (boots unavailable)
Stlth  .......... Rnd*Tele +    V - amulet "Yceaxt" {+Rage rF+ Str-3 Dex+2}
                                v - +3 ring of evasion
                                M - ring of see invisible

@: no status effects
A: beak, talons 3, repulsion field 1, yellow scales 1, blink, clarity, clumsy 2,
deformed body, screaming 1, strong 1, teleportitis 1, wild magic 1, able to fly
2
a: Fly, Blink, Berserk, Trog's Hand, Brothers in Arms, Burn Spellbooks, Renounce
Religion, Evoke Berserk Rage


You were on level 12 of the Dungeon.
You worshipped Trog.
Trog was extremely pleased with you.
You were not hungry.

You visited 3 branches of the dungeon, and saw 19 of its levels.
You also visited: Ossuary.

You collected 1342 gold pieces.

Inventory:

Hand Weapons
 r - a +10 battleaxe of flaming (weapon)
Missiles
 E - 15 tomahawks
 O - 6 steel javelins
 U - 2 silver javelins
 X - 4 javelins of penetration (quivered)
Armour
 y - a +2 scale mail of fire resistance
 J - a +0 pair of gloves (worn)
 K - the cursed +0 plate armour of Zawowih (worn) {Str+3}
   (You found it on level 6 of the Dungeon)

   It affects your strength (+3).
   It has a curse placed upon it.
 L - the +1 buckler "Coduogi" {rPois rN+ Int-3 Slay+6, unknown}
   (You acquired it on level 3 of the Lair of Beasts)

   It affects your intelligence (-3).
   It affects your accuracy and damage with ranged weapons and melee attacks
   (+6).
   It protects you from poison.
   It protects you from negative energy.
 N - a +1 hat (worn)
Jewellery
 a - an uncursed ring of protection from fire
 f - an uncursed ring of positive energy
 p - an uncursed ring of stealth
 v - a +3 ring of evasion (right hand)
 G - an uncursed amulet of harm {unknown}
 I - an uncursed ring of resist corrosion
 M - a ring of see invisible (left hand)
 S - an uncursed amulet of the gourmand
 V - the amulet "Yceaxt" (around neck) {+Rage rF+ Str-3 Dex+2}
   (You acquired it on level 3 of the Lair of Beasts)

   [amulet of rage]

   It affects your strength (-3).
   It affects your dexterity (+2).
   It protects you from fire.
   It lets you go berserk.
 Y - an uncursed amulet of faith
Wands
 l - a wand of lightning (8/15)
 x - a wand of disintegration (6/24)
 Z - a wand of digging (7/24)
Scrolls
 d - a scroll of silence
 e - 2 scrolls of teleportation
 i - 5 scrolls of immolation
 k - 6 scrolls of remove curse
 n - a scroll of summoning {unknown}
 o - 5 scrolls of magic mapping
 s - 6 scrolls of fog
 t - 2 scrolls of recharging
 w - 5 scrolls of blinking
 z - a scroll of holy word
 B - 5 scrolls of amnesia
 C - 3 scrolls of fear
 F - 6 scrolls of enchant armour
 R - a scroll of identify
Potions
 g - 5 potions of agility
 h - 2 potions of curing
 j - 2 potions of flight
 m - 4 potions of lignification
 u - 3 potions of magic
 A - a potion of brilliance
 D - a potion of haste
 H - 4 potions of heal wounds
 W - a potion of invisibility
Comestibles
 b - 4 meat rations
 c - 5 bread rations
 q - 12 royal jellies
 P - 42 fruits
 T - a slice of pizza


   Skills:
 + Level 10.3 Fighting
   Level 1.6 Long Blades
 + Level 16.2 Axes
 + Level 11.8 Throwing
 + Level 12.2 Armour
 + Level 5.0 Dodging
 + Level 2.1 Stealth


You had 13 spell levels left.
You didn't know any spells.

Dungeon Overview and Level Annotations

Branches:
Dungeon (12/15)            Temple (0/1) D:7            Lair (6/6) D:11
 Shoals (0/4) Lair:4        Snake (0/4) Lair:3        Slime (0/5) Lair:6
    Orc (1/2) D:9

Altars:
Ashenzari
Dithmenos
Elyvilon
Fedhas
Gozag
Nemelex Xobeh
Okawaru
Trog
Zin

Shops:
D:5 [


Innate Abilities, Weirdness & Mutations

You have a beak for a mouth.
You have claws for feet.
You can fly continuously.
You are surrounded by a mild repulsion field. (EV +2)
You are partially covered in yellow scales. (AC +2)
You can translocate small distances at will.
You possess an exceptional clarity of mind.
You are very clumsy. (Dex -4)
Armour fits poorly on your strangely shaped body.
You occasionally shout uncontrollably at your foes.
Your muscles are strong. (Str +2)
You are occasionally teleported next to monsters.
Your spells are a little harder to cast, but a little more powerful.


Message History

You struggle against the net.
The hill giant hits you with a giant club!!
You struggle against the net.
The hill giant hits you with a giant club!
You rip the net and break free!
The hill giant misses you.
You slice the hill giant!! You burn the hill giant. You claw the hill giant.
The hill giant is heavily wounded.
You hit the hill giant. You burn the hill giant. You peck the hill giant.
The hill giant is heavily wounded.
The hill giant hits you with a giant club.
You slash the hill giant! You burn the hill giant. You claw the hill giant.
You peck the hill giant.
The hill giant is severely wounded.
The hill giant hits you with a giant club!!
* * * LOW HITPOINT WARNING * * *
You slash the hill giant! You burn the hill giant.
You peck the hill giant, but do no damage.
The hill giant is almost dead.
The hill giant hits you with a giant club!!!
You die...

######## ##......#
........# ##......######
#............ #######.#
#...)..######.#.C......
#......# #.#@########
#...)..# #...........
#...)..# ###.########
####)### #.# #..# #.#
#.## #.# ##'###### #.#
#.......######.#######
###.......+.............


You could see a hill giant.

Vanquished Creatures
  An ogre mage (D:12)
  10 hydras
  Erica (D:10)
  The ghost of lorenzova the Covert, a journeyman SpEn of Dithmenos (D:10)
  3 hill giants
  2 lindwurms
  A manticore (Lair:4)
  4 black mambas
  9 elephants
  A centaur zombie (D:10)
  2 guardian serpents (D:10)
  A gargoyle (D:10)
  9 spiny frogs
  2 komodo dragons
  2 rime drakes (Lair:5)
  9 polar bears
  16 blink frogs
  5 two-headed ogres
  2 trolls
  Prince Ribbit (D:5)
  A dream sheep (Lair:4)
  5 raiju (Lair:6)
  9 hippogriffs
  2 wyverns
  25 yaks
  The ghost of tamtam the Slasher, an amateur DsCK of Xom (D:4)
  Grum (D:9)
  5 wargs (Lair:6)
  Menkaure (D:5)
  A naga (Lair:3)
  6 water moccasins
  9 porcupines
  5 hell hounds (Lair:6)
  4 orc warriors
  6 sky beasts
  15 black bears
  3 ice beasts
  2 phantoms
  8 ogres
  21 wolves
  2 centaurs (D:9)
  14 crocodiles
  4 big kobolds
  Blork the orc (D:6)
  13 bullfrogs
  3 scorpions
  19 killer bees
  4 electric eels (Lair:4)
  4 crimson imps
  A jelly (D:10)
  4 bullfrog zombies
  21 hounds
  8 orc priests
  3 bullfrog skeletons
  4 centaur skeletons
  5 iguanas
  16 orc wizards
  10 worker ants
  A hound skeleton (D:7)
  3 mummies (Ossuary)
  3 worker ant zombies
  Robin (D:4)
  8 gnolls
  9 adders
  2 shadow imps
  2 oozes
  2 adder zombies
  4 worms
  8 leopard geckos
  68 orcs
  7 bats
  15 giant cockroaches
  3 gnoll zombies (Ossuary)
  13 hobgoblins
  8 jackals
  8 quokkas
  2 frilled lizards
  A gnoll skeleton (Ossuary)
  18 goblins
  2 goblin skeletons (Ossuary)
  2 goblin zombies (Ossuary)
  A hobgoblin skeleton (Ossuary)
  4 hobgoblin zombies (Ossuary)
  29 kobolds
  3 kobold skeletons (Ossuary)
  A kobold zombie (Ossuary)
  An orc skeleton (Ossuary)
  3 orc zombies
  10 rats
  4 rat skeletons (Ossuary)
  A rat zombie (Ossuary)
  2 fungi
597 creatures vanquished.

Vanquished Creatures (collateral kills)
  A basilisk (Lair:2)
1 creature vanquished.

Vanquished Creatures (others)
  An orc wizard (D:6)
  A worker ant (D:5)
  A mummy (Ossuary)
  A ball lightning (Lair:6)
  3 gnoll skeletons (Ossuary)
  A goblin skeleton (Ossuary)
  2 hobgoblin zombies (Ossuary)
  4 kobold zombies (Ossuary)
  5 orc skeletons (Ossuary)
  4 orc zombies (Ossuary)
  4 rat skeletons (Ossuary)
  2 rat zombies (Ossuary)
  12 fungi
  13 plants
54 creatures vanquished.

Grand Total: 652 creatures vanquished

Notes
Turn   | Place    | Note
-------+----------+-------------------------------------------
     0 | D:1      | syranez the Tengu Berserker began the quest for the Orb.
     0 | D:1      | Reached XP level 1. HP: 14/14 MP: 2/2
   102 | D:1      | Reached XP level 2. HP: 16/19 MP: 3/3
   502 | D:1      | Reached XP level 3. HP: 19/23 MP: 4/4
   615 | D:1      | Reached ** piety under Trog
   860 | D:2      | Reached skill level 4 in Axes
  1135 | D:2      | Found an iron altar of Okawaru.
  1136 | D:2      | Found a sparkling altar of Nemelex Xobeh.
  1183 | D:2      | Reached XP level 4. HP: 29/29 MP: 5/5
  1311 | D:2      | Found a white marble altar of Elyvilon.
  1575 | D:2      | Gained mutation: You can fly. [Tengu growth]
  1575 | D:2      | Reached XP level 5. HP: 14/33 MP: 6/6
  1842 | D:3      | Reached skill level 1 in Stealth
  1846 | D:3      | Reached skill level 5 in Axes
  1989 | D:3      | Reached *** piety under Trog
  2215 | D:3      | Reached XP level 6. HP: 36/38 MP: 7/7
  2377 | D:3      | Found a blossoming altar of Fedhas.
  2512 | D:4      | Received a gift from Trog
  2568 | D:4      | Noticed Robin
  2578 | D:4      | Killed Robin
  2784 | D:4      | Reached skill level 6 in Axes
  2901 | D:4      | Reached XP level 7. HP: 42/44 MP: 8/8
  2905 | D:4      | Found a shattered altar of Ashenzari.
  3220 | D:4      | Noticed tamtam's ghost (amateur DsCK)
  3229 | D:4      | Killed tamtam's ghost
  3229 | D:4      | Reached skill level 1 in Throwing
  3593 | D:5      | Entered Level 5 of the Dungeon
  3631 | D:5      | Reached skill level 7 in Axes
  3678 | D:5      | Found Kyeny's Antique Armour Shoppe.
  3750 | D:5      | Reached XP level 8. HP: 48/48 MP: 9/9
  3869 | D:5      | Found a shadowy altar of Dithmenos.
  3951 | D:5      | Found a glowing silver altar of Zin.
  3965 | D:5      | Noticed Menkaure
  3970 | D:5      | Killed Menkaure
  3970 | D:5      | Reached skill level 5 in Armour
  4177 | D:5      | Reached **** piety under Trog
  4691 | D:5      | Noticed Prince Ribbit
  4749 | D:5      | Killed Prince Ribbit
  4749 | D:5      | Reached skill level 5 in Fighting
  4749 | D:5      | Reached skill level 8 in Axes
  4983 | D:6      | Found a sand-covered staircase.
  4993 | Ossuary  | Entered an ossuary
  5028 | Ossuary  | Received a gift from Trog
  5521 | D:6      | Reached XP level 9. HP: 54/54 MP: 10/10
  5536 | D:6      | Gained mutation: You possess an exceptional clarity of mind. [mutagenic meat]
  5537 | D:6      | Lost mutation: You possess an exceptional clarity of mind. [mutagenic meat]
  5538 | D:6      | Gained mutation: You are weak. (Str -2) [mutagenic meat]
  5539 | D:6      | Gained mutation: You are occasionally teleported next to monsters. [mutagenic meat]
  5540 | D:6      | Gained mutation: You can translocate small distances at will. [mutagenic meat]
  5541 | D:6      | Gained mutation: You are clumsy. (Dex -2) [mutagenic meat]
  5700 | D:6      | Noticed Blork the orc
  5708 | D:6      | Killed Blork the orc
  6130 | D:6      | Got a faintly glowing plate armour
  6141 | D:6      | Identified the cursed +0 plate armour of Zawowih {Str+3} (You found it on level 6 of the Dungeon)
  6540 | D:7      | Found a white marble altar of Elyvilon.
  6582 | D:7      | Found a staircase to the Ecumenical Temple.
  6608 | D:6      | Reached skill level 9 in Axes
  6856 | D:7      | Reached ***** piety under Trog
  6861 | D:7      | Reached skill level 5 in Throwing
  6991 | D:7      | Gained mutation: Scrolls take you a little longer to read. [mutagenic meat]
  7247 | D:8      | Gained mutation: You evolve. [potion of mutation]
  7247 | D:8      | Lost mutation: You evolve. [potion of mutation]
  7247 | D:8      | Gained mutation: Your mind is acute. (Int +2) [potion of mutation]
  7248 | D:8      | Gained mutation: You are partially covered in slimy green scales. (AC +2) [potion of mutation]
  7248 | D:8      | Gained mutation: Armour fits poorly on your strangely shaped body. [potion of mutation]
  7248 | D:8      | Gained mutation: You are surrounded by a mild repulsion field. (EV +2) [potion of mutation]
  7290 | D:8      | Received a gift from Trog
  7555 | D:8      | Found an opulent altar of Gozag.
  7607 | D:8      | Gained mutation: You occasionally shout uncontrollably at your foes. [mutagenic meat]
  7608 | D:8      | Lost mutation: You occasionally shout uncontrollably at your foes. [mutagenic meat]
  7609 | D:8      | Lost mutation: Your mind is acute. (Int +2) [mutagenic meat]
  7762 | D:8      | Reached skill level 10 in Axes
  7927 | D:8      | Noticed a two-headed ogre
  7930 | D:8      | Killed a two-headed ogre
  7930 | D:8      | Reached XP level 10. HP: 60/60 MP: 11/11
  8140 | D:8      | Received a gift from Trog
  8151 | D:9      | Found a staircase to the Orcish Mines.
  8317 | D:9      | Noticed Grum
  8580 | D:9      | Killed Grum
  8715 | D:9      | Reached skill level 11 in Axes
  9409 | Orc:1    | Entered Level 1 of the Orcish Mines
  9435 | Orc:1    | Found a bloodstained altar of Trog.
  9955 | D:10     | Entered Level 10 of the Dungeon
  9980 | D:10     | Received a gift from Trog
  9997 | D:10     | HP: 4/91 [poisoned by a killer bee]
 10260 | D:10     | Noticed a guardian serpent
 10273 | D:10     | Killed a guardian serpent
 10273 | D:10     | Reached XP level 11. HP: 11/66 MP: 4/12
 10277 | D:10     | HP: 3/66 [poisoned by a guardian serpent (bolt of poison)]
 10282 | D:10     | Lost mutation: You are weak. (Str -2) [mutagenic meat]
 10348 | D:10     | Noticed lorenzova's ghost (journeyman SpEn)
 10350 | D:10     | Noticed Erica
 10355 | D:10     | Killed lorenzova's ghost
 10363 | D:10     | Killed Erica
 10363 | D:10     | Reached skill level 12 in Axes
 10377 | D:10     | Gained mutation: You are very clumsy. (Dex -4) [mutagenic meat]
 10378 | D:10     | Gained mutation: You occasionally shout uncontrollably at your foes. [mutagenic meat]
 10382 | D:10     | Lost mutation: Scrolls take you a little longer to read. [mutagenic meat]
 10383 | D:10     | Gained mutation: Your spells are a little harder to cast, but a little more powerful. [mutagenic meat]
 10384 | D:10     | Lost mutation: You are partially covered in slimy green scales. (AC +2) [mutagenic meat]
 11154 | D:10     | Got a fine chain mail
 11401 | D:11     | Noticed a hill giant
 11407 | D:11     | Killed a hill giant
 11642 | D:11     | Identified Ishrenashrash's Papyrus of Bewitchment and the Entourage
 11766 | D:11     | Received a gift from Trog
 11987 | D:11     | Gained mutation: You evolve. [potion of mutation]
 12346 | D:11     | Found a staircase to the Lair.
 12509 | D:11     | Gained mutation: You are partially covered in yellow scales. (AC +2) [evolution]
 12559 | Lair:1   | Entered Level 1 of the Lair of Beasts
 13149 | Lair:1   | Reached skill level 13 in Axes
 13156 | Lair:1   | Received a gift from Trog
 13157 | Lair:1   | Reached XP level 12. HP: 49/73 MP: 4/13
 13347 | Lair:1   | Noticed a five-headed hydra
 13361 | Lair:1   | Killed a one-headed hydra
 13742 | Lair:1   | Reached skill level 1 in Long Blades
 14373 | Lair:2   | Reached skill level 10 in Armour
 14516 | Lair:2   | Gained mutation: Your muscles are strong. (Str +2) [evolution]
 15122 | Lair:3   | Noticed an eight-headed hydra
 15128 | Lair:3   | Killed a six-headed hydra
 15345 | Lair:3   | Identified 2 scrolls of acquirement
 15349 | Lair:3   | Got a shimmering graven amulet
 15351 | Lair:3   | Identified the amulet "Yceaxt" {+Rage rF+ Str-3 Dex+2} (You acquired it on level 3 of the Lair of Beasts)
 15353 | Lair:3   | Got a polished buckler
 15572 | Lair:3   | Found a staircase to the Snake Pit.
 15951 | Lair:4   | Noticed a seven-headed hydra
 15996 | Lair:3   | Killed a five-headed hydra
 16180 | Lair:4   | Reached skill level 5 in Dodging
 16278 | Lair:4   | Reached skill level 14 in Axes
 16483 | Lair:4   | Noticed a six-headed hydra
 16491 | Lair:4   | Killed a two-headed hydra
 16651 | Lair:4   | Noticed a seven-headed hydra
 16664 | Lair:4   | Killed a five-headed hydra
 16664 | Lair:4   | Reached XP level 13. HP: 67/80 MP: 14/14
 16750 | Lair:4   | Lost mutation: You evolve. [potion of mutation]
 17063 | Lair:4   | Reached skill level 10 in Throwing
 17285 | Lair:4   | Found a staircase to the Shoals.
 19377 | Lair:6   | Entered Level 6 of the Lair of Beasts
 20062 | Lair:6   | Reached skill level 15 in Axes
 20319 | Lair:6   | Received a gift from Trog
 20805 | Lair:6   | Gained mutation: You can fly continuously. [Tengu growth]
 20805 | Lair:6   | Reached XP level 14. HP: 71/87 MP: 15/15
 21187 | Lair:6   | Received a gift from Trog
 21344 | Lair:6   | Reached skill level 10 in Fighting
 21646 | Lair:6   | Reached skill level 16 in Axes
 21755 | Lair:6   | Found a staircase to the Slime Pits.
 22604 | D:12     | Gained mutation: You possess an exceptional clarity of mind. [mutagenic meat]
 22605 | D:12     | Gained mutation: You are resistant to hostile enchantments. (MR+) [mutagenic meat]
 22606 | D:12     | Lost mutation: You are resistant to hostile enchantments. (MR+) [mutagenic meat]
 22693 | D:12     | Demolished by a hill giant

Skill      XL: |  1  2  3  4  5  6  7  8  9 10 11 12 13 14 |
---------------+-------------------------------------------+-----
Axes           | 4 5 6 7 8 10 11 13 14 15 16 | 16.2
Fighting       | 4 5 6 7 9 10 | 10.3
Stealth        | 1 2 |  2.1
Dodging        | 3 4 5 |  5.0
Armour         | 3 4 5 7 8 9 11 12 | 12.2
Throwing       | 1 4 5 7 8 9 11 | 11.8
Long Blades    | 1 |  1.6

Action                   |  1- 3 |  4- 6 |  7- 9 | 10-12 | 13-15 || total
-------------------------+-------+-------+-------+-------+-------++-------
Melee: Hand axe          |    85 |   178 |   341 |   192 |       ||   796
       Kick              |    20 |    34 |   110 |   138 |    68 ||   370
       Peck              |    13 |    33 |    67 |    80 |    49 ||   242
       Battleaxe         |       |       |       |   295 |   282 ||   577
       Scimitar          |       |       |       |     7 |       ||     7
Throw: Stone             |     3 |    10 |       |       |       ||    13
       Javelin           |       |     6 |    32 |    25 |    29 ||    92
       Tomahawk          |       |     3 |    79 |   193 |   165 ||   440
Invok: Berserk           |     1 |     3 |     7 |    11 |     3 ||    25
       Burn Spellbooks   |       |     1 |       |     1 |       ||     2
       Brothers in Arms  |       |       |       |     2 |     1 ||     3
  Use: Scroll            |       |     4 |     9 |     9 |     3 ||    25
       Potion            |       |       |     3 |    12 |     2 ||    17
 Stab: Sleeping          |       |     2 |     1 |       |       ||     3
       Distracted        |       |     1 |       |       |       ||     1
  Eat: Chunk             |     1 |     9 |    35 |    41 |    21 ||   107
       Beef jerky        |       |       |     1 |       |       ||     1
       Meat ration       |       |       |       |     1 |       ||     1
       Pizza             |       |       |       |     1 |       ||     1
       Bread ration      |       |       |       |     1 |     1 ||     2
       Fruit             |       |       |       |       |     1 ||     1
Armor: Animal skin       |    16 |       |       |       |       ||    16
       Ring mail         |     4 |    13 |       |       |       ||    17
       Chain mail        |       |    34 |       |       |       ||    34
       Scale mail        |       |    20 |    69 |       |       ||    89
       Plate armour      |       |       |    64 |   251 |   132 ||   447
Dodge: Dodged            |    54 |   106 |   152 |   266 |   173 ||   751
